 Dungeon Crawl Stone Soup version 0.29-a0-330-g52719c12eb (webtiles) character file.

Game seed: 12804776190069570895

560 aaabbb the Magician (level 7, -5/46 HPs)
             Began as a Djinni Hedge Wizard on Apr 17, 2022.
             Was a Priest of Hepliaklqana.
             Slain by jt's ghost (9 damage)
             ... on level 4 of the Dungeon.
             The game lasted 00:11:43 (6805 turns).

aaabbb the Magician (Djinni Hedge Wizard)           Turns: 6805, Time: 00:11:43

Health: -5/46      AC:  3    Str:  9    XL:     7   Next: 57%
Gold:   155        EV: 12    Int: 17    God:    Hepliaklqana [***...] SH:  0 Dex: 13

rFire   + + .      SeeInvis .   i - +0 scythe (venom)
rCold   x . .      Faith    .   (shield currently unavailable)
rNeg    + . .      Spirit   .   l - +0 leather armour
rPois   ∞          Reflect  .   c - +0 hat
rElec   .          Harm     .   (no cloak)
rCorr   .          Rampage  .   (no gloves)
Will    .....                   (boots unavailable)
Stlth   ++........              (no amulet)
HPRegen 0.15/turn               m - ring of positive energy
MPRegen 0.00/turn               (no ring)

@: flying
A: reduced essence, sickness immunity, fire resistance 2, cold vulnerability 1,
float, innate caster, HP casting, extra vitality 1
a: Renounce Religion, Recall Ancestor, Ancestor Identity, Transference


You were on level 4 of the Dungeon.
You worshipped Hepliaklqana.
Hepliaklqana was most pleased with you.
You visited 1 branch of the dungeon, and saw 4 of its levels.

You collected 155 gold pieces.

Inventory:

Hand Weapons
 i - a +0 scythe of venom (weapon)
Missiles
 r - 2 throwing nets
Armour
 b - a +0 robe
 c - a +0 hat (worn)
 l - a +0 leather armour (worn)
Jewellery
 m - a ring of positive energy (left hand)
Scrolls
 a - 2 scrolls of teleportation
 d - 3 scrolls of fog
 f - a scroll of magic mapping
 k - 4 scrolls of identify
Potions
 j - a potion of flight
 o - a potion of curing
 q - a potion of magic {unknown}
 s - a potion of mutation {unknown}


   Skills:
 * Level 4.0 Fighting
 + Level 2.7 Armour
 + Level 4.0 Dodging
 - Level 1.5 Stealth
 * Level 4.1 Spellcasting


You couldn't memorise any spells.
You knew the following spells:

 Your Spells              Type           Power      Damage    Failure   Level
a - Magic Dart            Conj           68%        1d6       3%          1
b - Blink                 Tloc           34%        N/A       6%          2
c - Call Imp              Summ           17%        N/A       6%          2
d - Slow                  Hex            68%        N/A       3%          1
e - Conjure Flame         Conj/Fire      17%        6-21      12%         3
f - Mephitic Cloud        Conj/Pois/Air  17%        N/A       12%         3
g - Apportation           Tloc           34%        N/A       3%          1
h - Ensorcelled Hibernat  Hex/Ice        34%        N/A       6%          2
i - Scorch                Fire           34%        2d7       6%          2
Your spell library was empty.

Dungeon Overview and Level Annotations

Branches:
Dungeon (4/15)
 Temple: D:4-7

Altars:
Hepliaklqana
Nemelex Xobeh

Annotations:
D:4 1 transporter, jt's ghost, amateur GrDe


Innate Abilities, Weirdness & Mutations

Your life essence is reduced to manifest your ancestor. (-10% HP)
You are immune to sickness and miasma.
You are immune to poison.
Your flesh is very heat resistant. (rF++)
You are vulnerable to cold. (rC-)
You float through the air rather than walking.
You learn spells naturally, not from books.
Your magical power is your life essence.
You have superior vitality. (+4 MHP)


Message History

There is a transporter here.
You enter the transporter and appear at another place.
Casting: Magic Dart (safe; 3% risk of failure)
Confirm with . or Enter, or press ? or * to list all spells.
You can't see any susceptible monsters within range! (Use Z to cast anyway.)
Casting: Magic Dart (safe; 3% risk of failure)
Confirm with . or Enter, or press ? or * to list all spells.
Flames lash the ogre.
The ogre is burned terribly!
The ogre is severely wounded.
The ogre's fire resistance burns away.
The ogre hits Mbali with the +6 dire flail "Susesh" {vorpal, Fly rPois rF- Will++}!!
Mbali is destroyed!
Casting: Scorch (safe; 6% risk of failure)
Confirm with . or Enter, or press ? or * to list all spells.
Flames lash jt's ghost.
Jt's ghost is moderately damaged.
Jt's ghost's fire resistance burns away.
You barely miss the ogre.
The ogre is severely wounded.
The ogre hits you with the +6 dire flail "Susesh" {vorpal, Fly rPois rF- Will++}!
You barely miss the ogre.
The ogre is severely wounded.
Jt's ghost is no longer more vulnerable to fire.
The ogre hits you with the +6 dire flail "Susesh" {vorpal, Fly rPois rF- Will++}!!
* * * LOW HITPOINT WARNING * * *
x2 The ogre barely misses you.
Okay, then.
Okay, then.
Okay, then.
Casting: Scorch (safe; 6% risk of failure)
Confirm with . or Enter, or press ? or * to list all spells.
Aiming: Ensorcelled Hibernation (safe; 6% risk of failure)
Press: ? - help, Shift-Dir - straight line, f - ogre
Aim: an ogre, wielding the +6 dire flail "Susesh" {vorpal, Fly rPois rF- Will++} (severely wounded, more vulnerable to fire, chance to affect: 2%)
The ogre resists with almost no effort.
* * * LOW HITPOINT WARNING * * *
You slash the ogre!
You kill the ogre!
Jt's ghost hits you!
You die...

....####.##...#.#§####.###.......
....+....##.)...§R§§§......÷.....
...[####.##...#########..##......
....####.##...##......#..##......
.####..........#.#..#.#..........
.####.......#.##..##..#..#.......
...##.......#.##..##..#..#.######
....#.......#.##.#..#$#©.........
....#.......#..#@W..$$#....######
....#.......##.#.#..#.#©.#.......
....#.......##.#..##..#..#.......
....#.......####..##..#..#.......
.#+##...)...# #.#..#.#..........
.#.##...)...# #.....©#..#.......
.........#### ########..........
.......).# #.................
.........# ####.................


You could see jt's ghost.

Vanquished Creatures
  An ogre (D:4)
  A jelly (D:4)
  A hound (D:2)
  Natasha (D:2)
  A gnoll (D:4)
  2 adders
  A dart slug (D:3)
  7 orcs
  6 ball pythons
  3 endoplasms
  3 giant cockroaches
  5 goblins
  6 hobgoblins
  6 jackals
  2 quokkas
  6 bats
  4 frilled lizards
  4 kobolds
  4 rats
64 creatures vanquished.

Vanquished Creatures (collateral kills)
  Sigmund (D:2)
  A scorpion (D:4)
  Natasha (twice) (D:2)
  3 gnolls (D:4)
  8 adders
  An orc (D:4)
  A ball python (D:2)
  2 endoplasms
  A goblin (D:2)
  2 hobgoblins
  A jackal (D:3)
  A quokka (D:2)
  A kobold (D:2)
25 creatures vanquished.

Vanquished Creatures (others)
  A battlemage (D:4)
  An ancestor (D:2)
  A plant (D:1)
3 creatures vanquished.

Grand Total: 92 creatures vanquished

Notes
Turn   | Place    | Note
-------+----------+-------------------------------------------
     0 | D:1      | aaabbb the Djinni Hedge Wizard began the quest for the Orb.
     0 | D:1      | Reached XP level 1. HP: 15/15 MP: 0/0
    12 | D:1      | Found a sparkling altar of Nemelex Xobeh.
    31 | D:1      | Found a faded altar of an unknown god.
   306 | D:1      | Prayed at the altar of an unknown god.
   306 | D:1      | Became a worshipper of Hepliaklqana the Forgotten
   306 | D:1      | Reached * piety under Hepliaklqana
   539 | D:1      | Reached XP level 2. HP: 16/19 MP: 0/0
  1068 | D:1      | Reached skill level 1 in Fighting
  1223 | D:1      | Reached XP level 3. HP: 20/24 MP: 0/0
  1223 | D:1      | Learned a level 1 spell: Apportation
  1627 | D:2      | Reached skill level 1 in Armour
  1627 | D:2      | Reached XP level 4. HP: 9/29 MP: 0/0
  2145 | D:2      | Noticed Sigmund
  2169 | D:2      | Killed Sigmund
  2170 | D:2      | Reached XP level 5. HP: 30/36 MP: 0/0
  2170 | D:2      | Learned a level 2 spell: Ensorcelled Hibernation
  2170 | D:2      | Reached XP level 6. HP: 34/41 MP: 0/0
  2323 | D:2      | Reached ** piety under Hepliaklqana
  3271 | D:2      | Noticed Natasha
  3277 | D:2      | Killed Natasha
  3564 | D:2      | Noticed Natasha
  3570 | D:2      | Killed Natasha
  4302 | D:2      | Noticed Natasha
  4306 | D:2      | Killed Natasha
  4307 | D:2      | Reached XP level 7. HP: 43/45 MP: 0/0
  4307 | D:2      | Learned a level 2 spell: Scorch
  5834 | D:4      | Found a transporter.
  5856 | D:4      | Noticed jt's ghost (amateur GrDe)
  5862 | D:4      | Found a transporter.
  5865 | D:4      | Identified the +6 dire flail "Susesh" {vorpal, Fly rPois
                  | rF- Will++}
  5884 | D:4      | Reached *** piety under Hepliaklqana
  6406 | D:4      | Remembered your ancestor Mbali as a battlemage
  6805 | D:4      | Slain by jt's ghost

Illustrated notes

Levels and vault maps discovered:
D:1:      dpeg_arrival_lava_altar, layout_basic, serial_forest,
          infiniplex_forest_clump_long, infiniplex_forest_clump_curved,
          infiniplex_forest_straight_2, infiniplex_forest_3_way,
          infiniplex_forest_lined_room_2, infiniplex_forest_lined_2,
          infiniplex_forest_clump_small, hellmonk_ecumenical_altar_arch_garden
D:2:      minmay_diamond_boxcup, layout_loops_ring, uniq_sigmund, uniq_natasha
D:3:      layout_loops_ring
D:4:      layout_basic, gammafunk_ghost_smash

Skill      XL: |  1  2  3  4  5  6  7 |
---------------+----------------------+-----
Fighting       | 1 3 4 |  4.0
Armour         | 1 2 |  2.7
Spellcasting   | 3 4 |  4.1
Dodging        | 3 4 |  4.0
Stealth        | |  1.5

Action                   |  1- 3 |  4- 6 |  7- 9 || total
-------------------------+-------+-------+-------++-------
Melee: Dagger            |    19 |     2 |       ||    21
       Scythe            |       |    53 |    15 ||    68
 Cast: Magic Dart        |    44 |    25 |    73 ||   142
       Call Imp          |       |     4 |       ||     4
       Blink             |       |     1 |       ||     1
       Mephitic Cloud    |       |       |     4 ||     4
       Scorch            |       |       |     2 ||     2
       Conjure Flame     |       |       |     1 ||     1
       Ensorcelled Hiber |       |       |     1 ||     1
Invok: Ancestor Identity |     1 |       |       ||     1
       Ancestor Life: Ba |       |       |     1 ||     1
  Use: Potion            |       |     1 |     3 ||     4
       Scroll            |       |       |     7 ||     7
 Stab: Sleeping          |       |     9 |       ||     9
Armor: Robe              |     7 |    12 |       ||    19
       Leather armour    |       |     1 |     8 ||     9
Dodge: Dodged            |    19 |    58 |    20 ||    97

Table legend: (Time is in decaauts)
 A = Elapsed time spent in this place.
 B = Non-inter-level travel time spent in this place.
 C = Inter-level travel time spent in this place.
 D = Time resting spent in this place.
 E = Time spent auto-exploring this place.
 F = Levels seen in this place.
 G = Mean time per level.
                   A        B        C        D        E       F      G
               +--------+--------+--------+--------+--------+-----+--------+
         Total |   6883 |   6683 |    200 |    942 |   5022 |   4 | 1720.8 |
       Dungeon |   6883 |   6683 |    200 |    942 |   5022 |   4 | 1720.8 |
               +--------+--------+--------+--------+--------+-----+--------+

Top non-repeatable levels by time:
     D:2: 2782 daAuts
     D:4: 1676 daAuts
     D:1: 1618 daAuts
     D:3: 807 daAuts
